 Dungeon Crawl Stone Soup version 0.31-a0-799-g6bc09d010c (webtiles) character file.

Game seed: 12195683462665917378

1 cforsyth the Sneak (level 1, 0/20 HPs)
             Began as a Djinni Delver on Sept 20, 2023.
             Slain by an adder (1 damage)
             ... on level 5 of the Dungeon.
             The game lasted 00:00:13 (121 turns).

cforsyth the Sneak (Djinni Delver)                   Turns: 121, Time: 00:00:14

Health: 0/20       AC:  3    Str: 11    XL:     1   Next: 22%
Gold:   7          EV: 12    Int: 11    God:
                   SH:  0    Dex: 14

rFire   + + .        a - +0 falchion
rCold   x . .        (no shield)
rNeg    . . .        b - +0 leather armour
rPois   ∞            (no helmet)
rElec   .            (no cloak)
rCorr   .            (no gloves)
SInv    .            (boots unavailable)
Will    .....        (no amulet)
Stlth   ++           (no ring)
HPRegen 0.23/turn    (no ring)
MPRegen 0.00/turn

%: infuse magic (-1 HP)
@: flying
A: sickness immunity, fire resistance 2, cold vulnerability 1, float, innate
caster, HP casting, extra vitality 1
a: no special abilities


You were on level 5 of the Dungeon.
You visited 1 branch of the dungeon, and saw 1 of its levels.

You collected 7 gold pieces.

Inventory:

Hand Weapons
 a - a +0 falchion (weapon)
Armour
 b - a +0 leather armour (worn)
Wands
 g - a wand of digging (3)
Scrolls
 c - a scroll of fog
 d - a scroll of revelation
 e - a scroll of fear
Potions
 f - a potion of haste


   Skills:
 + Level 3.0 Fighting
 - Level 1.7 Long Blades
 - Level 2.1 Dodging
 - Level 4.1 Stealth
 + Level 0.0 Spellcasting
 + Level 0.0 Conjurations
 + Level 0.0 Hexes
   Level 0.0 Charms
 + Level 0.0 Summonings
 + Level 0.0 Necromancy
 + Level 0.0 Translocations
 + Level 0.0 Transmutations
 + Level 0.0 Fire Magic
 + Level 0.0 Ice Magic
 + Level 0.0 Air Magic
 + Level 0.0 Earth Magic
 + Level 0.0 Poison Magic You didn't know any spells. Your spell library was empty.

Dungeon Overview and Level Annotations

Branches:
Dungeon (5/15)
 Temple: D:4-7

Altars:


Innate Abilities, Weirdness & Mutations

You are immune to sickness and miasma.
You are immune to poison.
Your flesh is very heat resistant. (rF++)
You are vulnerable to cold. (rC-)
You float through the air rather than walking.
You learn spells naturally, not from books.
Your magical power is your life essence.
You have superior vitality. (+4 MHP)


Message History

You barely miss the shadow imp. The shadow imp hits you.
You hit the shadow imp but do no damage.
The adder bites you but does no damage. The shadow imp hits you.
The adder bites you but does no damage.
You hit the shadow imp.
The shadow imp is heavily wounded.
The adder bites you. The shadow imp hits you.
You hit the shadow imp.
The shadow imp is almost dead.
The adder barely misses you. The shadow imp barely misses you.
The adder bites you. The shadow imp gestures at you.
Pain shoots through your body!
You are too injured to fight recklessly!
You are too injured to fight recklessly!
You are too injured to fight recklessly!
You are too injured to fight recklessly!
You are too injured to fight recklessly!
You are too injured to fight recklessly!
You are too injured to fight recklessly!
You are too injured to fight recklessly!
You closely miss the shadow imp.
The shadow imp is almost dead.
The adder barely misses you. The shadow imp hits you.
* * * LOW HITPOINT WARNING * * *
The adder bites you.
* * * LOW HITPOINT WARNING * * *
You hit the adder.
The adder is moderately wounded.
The adder closely misses you. The shadow imp closely misses you.
You hit the adder.
The adder is heavily wounded.
The adder bites you.
* * * LOW HITPOINT WARNING * * *
The shadow imp misses you. The adder bites you.
* * * LOW HITPOINT WARNING * * *
You hit the adder.
The adder is severely wounded.
The shadow imp barely misses you. The adder bites you.
You die...

#.....⌠..........#
#.......##.......+
##..⌠...##.......#
.##.....##.......+
........''.......#
.................#
###........<.....####
#.................#
#.............@5..#
#..............S..#
###..###..........#
#... #............
#...###############
...#


You could see an adder and a shadow imp.

Vanquished Creatures
  A quokka (D:5)
1 creature vanquished.

Notes
Turn   | Place    | Note
-------+----------+-------------------------------------------
     0 | D:5      | cforsyth the Djinni Delver began the quest for the Orb.
     0 | D:5      | Reached XP level 1. HP: 20/20 MP: 0/0
   120 | D:5      | HP: 1/20 [adder (2)]
   121 | D:5      | Slain by an adder

Illustrated notes

Levels and vault maps discovered:
D:5:      kb_forest_paths, layout_basic, grunt_ministairs_9, minmay_bent

Action                     || total
---------------------------++-------
  Melee: Falchion          ||    28
 Armour: Leather armour    ||    23
  Dodge: Dodged            ||    25

Table legend: (Time is in decaauts)
 A = Elapsed time spent in this place.
 B = Non-inter-level travel time spent in this place.
 C = Inter-level travel time spent in this place.
 D = Time resting spent in this place.
 E = Time spent auto-exploring this place.
 F = Levels seen in this place.
 G = Mean time per level.
                   A        B        C        D        E       F      G
               +--------+--------+--------+--------+--------+-----+--------+
         Total |    126 |    126 |      0 |      0 |     84 |   1 |  126.0 |
       Dungeon |    126 |    126 |      0 |      0 |     84 |   1 |  126.0 |
               +--------+--------+--------+--------+--------+-----+--------+

Top non-repeatable levels by time:
     D:5: 126 daAuts
